AoeStats
← Hakka

Nomad

511036676Analyzed
4v4 RM · 10h ago on Oct 3, 2026· 16m 57s· 8 players
Game mode
Random Map
Map size
231×231
Population
200
Speed
Normal
Resources
Standard
Victory
Conquest
Starting age
Dark Age
Ending age
Imperial Age
RankedLock teamsTeams togetherTeam positionsShared explorationLock speedFull tech treeHidden civsTurbo modeCheats
Victory
Defeat
🇹🇼 Varangians · Taiwan
1416
+14
🇨🇳 Franks · China
1407
+14
🇨🇳 Spanish · China
1402
+15
🇨🇳 Armenians · China
1397
+15
🇦🇷 Varangians · Argentina
1427
-17
🇦🇷 Persians · Argentina
1380
-15
🇧🇩 Vietnamese · Bangladesh
1347
-13
🇨🇳 Japanese · China
1345
-13
一只小耳
5:25 Loom
12:31 Feudal Age
16:59 Castle Age
17:02 Double-Bit Axe
cgan13289
4:05 Loom
13:09 Feudal Age
16:43 Castle Age
青竹与酒
3:17 Loom
13:14 Feudal Age
13:54 Double-Bit Axe
15:41 Gold Mining
19:28 Castle Age
Hakka
3:27 Loom
13:27 Feudal Age
13:33 Man-at-Arms
14:04 Town Watch
14:19 Long Swordsman
15:35 Forging
15:37 Arson
16:34 Scale Mail Armor
EWC KukaLLi7
9:54 Loom
13:59 Feudal Age
18:30 Castle Age
黑石塔
4:04 Loom
15:36 Feudal Age
Juanki
6:50 Loom
13:47 Feudal Age
18:37 Castle Age
16:28 Double-Bit Axe
16:24 Horse Collar
Gunslinger
12:43 Loom
15:17 Feudal Age
15:52 Double-Bit Axe
Connection lost

Rejoining the realm…

Still unreachable

The connection could not be restored.

Session expired

The server has moved on; the page needs a fresh start.